[Event "Titled Tuesday Blitz October 18 Late 2022"]
[White "Ter-Sahakyan, Samvel"]
[Black "Andreikin, Dmitry"]
[WhiteFideId "13302531"]
[BlackFideId "4158814"]
[WhiteElo "2604"]
[BlackElo "2736"]
[Result "1-0"]
[Round "10"]
[TimeControl "180+1"]
[Date "2022.10.18"]
[WhiteClock "0:00:04"]
[BlackClock "0:00:01"]

1. d4 d5 2. c4 e6 3. Nf3 Nf6 4. g3 dxc4 5. Bg2 c6 6. O-O b5 7. a4 Bb7 8. Ne5 a6 9. b3 cxb3 10. Qxb3 Qxd4 11. Bb2 Qb4 12. Qc2 Qc5 13. Qd3 Bd6 14. Rc1 Qxc1+ 15. Bxc1 Bxe5 16. Ba3 Nbd7 17. Ra2 Nb6 18. Qc2 Nc4 19. Bc5 Nd7 20. Bb4 Rb8 21. axb5 axb5 22. Ra7 Bd6 23. Bxd6 Nxd6 24. Bxc6 Rc8 25. Bxd7+ Kxd7 26. Qb2 Rc5 27. f3 Rhc8 28. Nd2 Rc2 29. Qd4 Ke7 30. Ne4 Nxe4 31. Rxb7+ R2c7 32. Rxc7+ Rxc7 33. Qxe4 g6 34. Qb4+ Kf6 35. Qxb5 h5 36. Kf2 Re7 37. Qb2+ e5 38. Qb6+ Re6 39. Qd8+ Kg7 40. h4 e4 41. f4 f5 42. Ke3 Kf7 43. Kd4 Re7 44. Kd5 Re6 45. Qd7+ Re7 46. Qc8 Re8 47. Qb7+ Re7 48. Qb3 Kg7 49. Kd6 Rf7 50. Qc3+ Kh7 51. Ke6 Ra7 52. Qc4 Rb7 53. Kf6 Kh6 54. Qc5 Rb8 55. Qc7 Rf8+ 56. Ke7 Rg8 57. Qe5 Kh7 58. Kf7 1-0


[Site "https://www.chess.com"]

[Event "Titled Tuesday Blitz October 18 Late 2022"]
[White "Thiel, Thomas"]
[Black "Gasparyan, David"]
[WhiteFideId "4615964"]
[BlackFideId "13311980"]
[WhiteElo "2270"]
[BlackElo "2375"]
[Result "1-0"]
[Round "10"]
[TimeControl "180+1"]
[Date "2022.10.19"]
[WhiteClock "0:01:16"]
[BlackClock "0:00:01"]

1. e4 d6 2. d4 g6 3. Nc3 Bg7 4. Bc4 Nf6 5. Qe2 c6 6. e5 dxe5 7. dxe5 Nd5 8. Bd2 Bf5 9. O-O-O h5 10. Nf3 Nb4 11. Bf4 Qa5 12. Nd4 Bc8 13. a3 N4a6 14. Nb3 Nb4 15. Nxa5 N4a6 16. Nb3 O-O 17. e6 f5 18. Be5 Bh6+ 19. Kb1 b5 20. Bxb5 cxb5 21. Qf3 Bxe6 22. Qxa8 Nd7 23. Qxa7 Nab8 24. Bxb8 Nxb8 25. Nc5 Bf7 26. Nd5 Nc6 27. Qc7 Nd8 28. Nxe7+ Kg7 29. Rxd8 Rxd8 30. Qxd8 Bg5 31. Qd6 Bf6 32. Ne6+ Kh6 33. f4 h4 34. g3 h3 35. g4 fxg4 36. f5 g5 37. Nd8 Kg7 38. Nxf7 Kxf7 39. Qe6+ Kg7 40. Rd1 Kh6 41. Qxf6+ Kh5 42. Qg6+ Kh4 43. Qh6# 1-0


[Site "https://www.chess.com"]

[Event "Titled Tuesday Blitz October 18 Late 2022"]
[White "Tomaszewski, Kacper"]
[Black "Omariev, Maksim"]
[WhiteFideId "1127373"]
[BlackFideId "4193423"]
[WhiteElo "2211"]
[BlackElo "2411"]
[Result "1-0"]
[Round "10"]
[TimeControl "180+1"]
[Date "2022.10.19"]
[WhiteClock "0:00:11"]
[BlackClock "0:00:02"]

1. c4 e5 2. e3 Nc6 3. Nc3 Nf6 4. a3 Bc5 5. b4 Be7 6. Bb2 O-O 7. Qc2 Re8 8. Be2 Bf8 9. d3 d5 10. cxd5 Nxd5 11. Nf3 a6 12. O-O Be6 13. Rac1 Nxc3 14. Qxc3 f6 15. Rfd1 Bd6 16. Nd2 a5 17. b5 Na7 18. d4 Qd7 19. a4 Bb4 20. Qc2 exd4 21. Nf3 c5 22. exd4 Rac8 23. dxc5 Qf7 24. c6 Rc7 25. Bd4 Nc8 26. Bc4 bxc6 27. b6 Rd7 28. Bxe6 Rxe6 29. Be3 Rxd1+ 30. Rxd1 Qe7 31. Nd4 Rd6 32. Nxc6 Qb7 33. Qc4+ Kf8 34. Rxd6 Nxd6 35. Qd5 Nc8 36. Bc5+ Bxc5 37. Qxc5+ Ke8 38. Nxa5 Qd7 39. h4 Qd1+ 40. Kh2 Qxa4 41. Qxc8+ Ke7 42. b7 Qxh4+ 43. Kg1 Qe4 44. b8=Q Qe1+ 45. Kh2 1-0


[Site "https://www.chess.com"]

[Event "Titled Tuesday Blitz October 18 Late 2022"]
[White "Torres Boch, Jose Francisco"]
[Black "Besedes, Danilo"]
[WhiteFideId "2278383"]
[BlackFideId "946796"]
[WhiteElo "2073"]
[BlackElo "2352"]
[Result "0-1"]
[Round "10"]
[TimeControl "180+1"]
[Date "2022.10.19"]
[WhiteClock "0:00:05"]
[BlackClock "0:01:29"]

1. e4 e6 2. d4 d5 3. Nc3 dxe4 4. Nxe4 Nd7 5. Nf3 Ngf6 6. Bd3 c5 7. O-O cxd4 8. Nxd4 a6 9. c3 Be7 10. Re1 O-O 11. Qf3 Nxe4 12. Bxe4 Qc7 13. Bf4 Bd6 14. Bxd6 Qxd6 15. Bxb7 Bxb7 16. Qxb7 Rab8 17. Qc6 Qxc6 18. Nxc6 Rxb2 19. Red1 Nc5 20. g3 g6 21. Nb4 Rc8 22. Nd3 Nxd3 23. Rxd3 Rc6 24. a4 Rb3 25. Rd7 Rbxc3 26. Kg2 R6c5 27. Ra2 R3c4 28. a5 Rc6 29. Rb2 R4c5 30. Rbb7 Rf5 31. f4 Rc2+ 32. Kf3 Rcc5 33. Ra7 Rxa5 34. Rd6 Ra2 35. h4 Ra3+ 36. Kg2 a5 37. Rda6 h5 38. Kh3 Rd5 39. Kh2 Rd2+ 40. Kh3 Rdd3 41. Rxa5 Rxg3+ 42. Kh2 Rxa5 43. Rxa5 Rg4 0-1


[Site "https://www.chess.com"]

[Event "Titled Tuesday Blitz October 18 Late 2022"]
[White "Tsaruk, Maksim"]
[Black "Licznerski, Lukasz"]
[WhiteFideId "13511173"]
[BlackFideId "1179250"]
[WhiteElo "2273"]
[BlackElo "2403"]
[Result "0-1"]
[Round "10"]
[TimeControl "180+1"]
[Date "2022.10.18"]
[WhiteClock "0:00:04"]
[BlackClock "0:00:05"]

1. e4 c6 2. d4 d5 3. Nd2 dxe4 4. Nxe4 Nd7 5. Nf3 Ngf6 6. Nxf6+ Nxf6 7. c3 Bg4 8. h3 Bh5 9. g4 Bg6 10. Ne5 Be4 11. f3 Bd5 12. Bf4 g6 13. Qd2 h5 14. Rg1 Bg7 15. Bd3 hxg4 16. hxg4 Nd7 17. Nc4 Bxf3 18. Qe3 Bd5 19. Nd6+ Kf8 20. c4 exd6 21. cxd5 Nb6 22. Qg3 Bxd4 23. Bxd6+ Kg8 24. Rf1 Bxb2 25. Rb1 Bc3+ 26. Kd1 Nxd5 27. Rxb7 Rh7 28. g5 Bd4 29. Kc1 a5 30. a4 Nb4 31. Bc4 Nd5 32. Qg4 Be3+ 33. Kc2 Qxd6 34. Bxd5 cxd5 35. Rf6 Qc5+ 36. Kd3 Rc8 37. Rb5 Qc3+ 38. Ke2 Qd2+ 39. Kf3 Qf2# 0-1


[Site "https://www.chess.com"]

[Event "Titled Tuesday Blitz October 18 Late 2022"]
[White "Turutin, Alexander"]
[Black "Sargsyan, Anna M."]
[WhiteFideId "4180623"]
[BlackFideId "13308130"]
[WhiteElo "2402"]
[BlackElo "2284"]
[Result "0-1"]
[Round "10"]
[TimeControl "180+1"]
[Date "2022.10.18"]
[WhiteClock "0:00:02"]
[BlackClock "0:00:33"]

1. e4 c6 2. Nf3 d5 3. Nc3 Bg4 4. h3 Bxf3 5. Qxf3 Nf6 6. Be2 e6 7. O-O Nbd7 8. d4 dxe4 9. Nxe4 Nxe4 10. Qxe4 Nf6 11. Qd3 Be7 12. b3 O-O 13. Bb2 Qc7 14. Qf3 Rad8 15. c4 Nd7 16. Rfd1 Bf6 17. a3 Rfe8 18. Bd3 Nf8 19. Bc2 Rd7 20. Qe4 Red8 21. Rd2 Ng6 22. Rad1 Qf4 23. Qxf4 Nxf4 24. Be4 Bxd4 25. Kf1 e5 26. g3 Ne6 27. Bf5 Kf8 28. Bxe6 fxe6 29. Bc1 Kf7 30. f3 Kf6 31. Ke2 b5 32. cxb5 cxb5 33. Rc2 a5 34. h4 h6 35. Be3 a4 36. bxa4 bxa4 37. Rc4 Rb7 38. Bxd4 exd4 39. Rdxd4 Rb2+ 40. Ke1 Rdb8 41. Rxa4 Rg2 42. Rf4+ Kg6 43. Rab4 Ra8 44. Rg4+ Kh7 45. Rb3 Rc8 46. Kf1 Ra2 47. Re4 Rcc2 48. Rxe6 Rf2+ 49. Kg1 Rg2+ 50. Kf1 Rxg3 51. Re7 Rh3 52. Rbb7 Rh1# 0-1


[Site "https://www.chess.com"]

[Event "Titled Tuesday Blitz October 18 Late 2022"]
[White "Urazayev, Arystanbek"]
[Black "Goryachkina, Aleksandra"]
[WhiteFideId "13709810"]
[BlackFideId "4147103"]
[WhiteElo "2441"]
[BlackElo "2484"]
[Result "1-0"]
[Round "10"]
[TimeControl "180+1"]
[Date "2022.10.18"]
[WhiteClock "0:00:56"]
[BlackClock "0:00:01"]

1. d4 Nf6 2. c4 e6 3. Nf3 d5 4. g3 Be7 5. Bg2 O-O 6. Nc3 c6 7. O-O b6 8. Qd3 Ba6 9. b3 Nbd7 10. e4 Rc8 11. a4 Bb4 12. Ba3 Bxc3 13. Qxc3 Nxe4 14. Qe3 Re8 15. Ne5 Ndf6 16. Rac1 Nd6 17. Rfd1 Nf5 18. Qf4 h6 19. h4 Bb7 20. Bh3 Ne7 21. Re1 Nf5 22. Rcd1 Ne4 23. Bxf5 exf5 24. Qxf5 Qf6 25. Qxf6 Nxf6 26. c5 bxc5 27. Bxc5 a6 28. f3 Re6 29. Kf2 Rce8 30. g4 Nh7 31. b4 f6 32. Nd3 Rxe1 33. Nxe1 Nf8 34. Nd3 Ne6 35. Bb6 Bc8 36. h5 Kf7 37. Kg3 Nf8 38. Rc1 Bd7 39. Nc5 Bc8 40. Nb3 Bd7 41. Bc5 Ne6 42. Bd6 Ng5 43. Nc5 Bc8 44. Bf4 Ne6 45. Nxe6 Rxe6 46. b5 axb5 47. axb5 Bb7 48. b6 Re7 49. Ra1 Rd7 50. Bd2 Ke6 51. Bb4 Rf7 52. Ra7 Rd7 53. Bd2 f5 54. Bf4 fxg4 55. fxg4 Bc8 56. Bc7 1-0


[Site "https://www.chess.com"]

[Event "Titled Tuesday Blitz October 18 Late 2022"]
[White "Ventura Bolet, Maxim"]
[Black "Aghasiyev, Kamal"]
[WhiteFideId "22238824"]
[BlackFideId "13402854"]
[WhiteElo "2186"]
[BlackElo "2341"]
[Result "0-1"]
[Round "10"]
[TimeControl "180+1"]
[Date "2022.10.19"]
[WhiteClock "0:00:06"]
[BlackClock "0:01:38"]

1. Nf3 d5 2. g3 Nf6 3. Bg2 e6 4. O-O Be7 5. c4 dxc4 6. Qa4+ Nbd7 7. Qxc4 c5 8. Qc2 O-O 9. Nc3 a6 10. a4 b6 11. Ne5 Nxe5 12. Bxa8 Nd5 13. Qb3 c4 14. Qa2 Bd7 15. Bxd5 exd5 16. Nxd5 Bc5 17. Ne3 Bh3 18. Re1 Qa8 19. f3 Nxf3+ 20. exf3 Qxf3 21. d4 Bxd4 22. b4 cxb3 23. Qe2 Qxe2 24. Rxe2 Bxa1 25. Bb2 Bxb2 26. Rxb2 Be6 27. Kf2 Rd8 28. Ke2 Rd4 29. Rd2 Rxd2+ 30. Kxd2 f5 31. Kc3 g5 32. h4 f4 33. gxf4 gxh4 34. f5 h3 35. fxe6 h2 36. e7 Kf7 37. Ng4 h1=Q 38. Nf6 Qa1+ 0-1


[Site "https://www.chess.com"]

[Event "Titled Tuesday Blitz October 18 Late 2022"]
[White "Von Buelow, Georg"]
[Black "Moaataz, Ayah"]
[WhiteFideId "4620658"]
[BlackFideId "10615873"]
[WhiteElo "2236"]
[BlackElo "1993"]
[Result "0-1"]
[Round "10"]
[TimeControl "180+1"]
[Date "2022.10.19"]
[WhiteClock "0:01:34"]
[BlackClock "0:02:34"]

1. e4 c6 2. d4 d5 3. e5 Bf5 4. h4 h5 5. Bg5 Qb6 6. Bd3 Bxd3 7. Qxd3 e6 8. Nd2 Be7 9. Ngf3 Nd7 10. O-O Bxg5 11. Nxg5 Ne7 12. c3 Nf5 13. Rfb1 Nxh4 14. c4 Nf5 15. cxd5 cxd5 16. Ndf3 O-O 17. Rc1 Rfc8 18. b3 Rc6 19. Rxc6 Qxc6 20. Re1 Rc8 21. a4 Qc3 22. Qb5 Nb6 23. a5 Nxd4 24. Qe8+ 0-1


[Site "https://www.chess.com"]

[Event "Titled Tuesday Blitz October 18 Late 2022"]
[White "Winterberg, Lukas"]
[Black "Gonzalez Vega, Alejandro"]
[WhiteFideId "24622702"]
[BlackFideId "3510042"]
[WhiteElo "2349"]
[BlackElo "2264"]
[Result "1/2-1/2"]
[Round "10"]
[TimeControl "180+1"]
[Date "2022.10.19"]
[WhiteClock "0:00:06"]
[BlackClock "0:00:13"]

1. e4 c5 2. Nf3 a6 3. c3 Nf6 4. e5 Nd5 5. d4 cxd4 6. cxd4 e6 7. Nc3 Nxc3 8. bxc3 Qc7 9. Bd2 d6 10. Bd3 Nd7 11. exd6 Bxd6 12. O-O O-O 13. Qe2 h6 14. Qe4 Nf6 15. Qh4 Nh7 16. Rfe1 f5 17. Ne5 Bxe5 18. Rxe5 Bd7 19. Rae1 Rf6 20. Bc2 Nf8 21. Bb3 Kh7 22. Qg3 Rg6 23. Qe3 Re8 24. h4 Bc6 25. f3 h5 26. Qf2 a5 27. Bf4 Qd7 28. c4 a4 29. Bc2 Qf7 30. d5 Bd7 31. dxe6 Bxe6 32. Qd2 Rf6 33. Bd3 Bd7 34. Qc2 Rxe5 35. Rxe5 Ng6 36. Rd5 Nxf4 37. Rd4 Nxd3 38. Qxd3 Be6 39. Rd6 g6 40. c5 Kg7 41. Qd4 Bxa2 42. Rb6 Be6 43. Qb2 Bc8 44. Qb4 Kg8 45. Qxa4 Rxb6 46. cxb6 Qd7 47. Qb4 Qd1+ 48. Kh2 Qd7 49. Qb3+ Qf7 50. Qb4 Kg7 51. Qc5 Be6 52. Qd4+ Kh7 53. Qe5 f4 54. Qd4 Bd5 55. Qe5 Bc6 56. Qd6 Qf5 57. Qc7+ Kh6 58. Qd8 Kg7 59. Qe7+ Qf7 60. Qe5+ Qf6 61. Qc7+ Qf7 62. Qe5+ Kh7 63. Qd6 Qd7 64. Qxf4 Qf5 65. Qc7+ Kh6 66. Qd8 Kg7 67. Qe7+ Qf7 68. Qe5+ Qf6 69. Qc7+ Qf7 70. Qe5+ Kh7 71. Qd6 Qd7 72. Qe5 Kg8 73. Qb8+ Kf7 74. Qe5 Qe7 75. Qf4+ Qf6 76. Qc7+ Qe7 77. Qf4+ Kg7 78. Qd4+ Kh7 79. Qf4 Kg7 80. Qd4+ Kf7 81. Qf4+ 1/2-1/2


[Site "https://www.chess.com"]

[Event "Titled Tuesday Blitz October 18 Late 2022"]
[White "Yeletsky, Ivan"]
[Black "Radovic, Janko"]
[WhiteFideId "24180327"]
[BlackFideId "911518"]
[WhiteElo "2391"]
[BlackElo "2318"]
[Result "1-0"]
[Round "10"]
[TimeControl "180+1"]
[Date "2022.10.18"]
[WhiteClock "0:01:22"]
[BlackClock "0:00:58"]

1. Nf3 Nf6 2. g3 e6 3. Bg2 d5 4. O-O Be7 5. d3 O-O 6. Bf4 c5 7. Na3 Nc6 8. e4 b6 9. e5 Nd7 10. Re1 Bb7 11. c4 d4 12. h4 a6 13. Nc2 b5 14. b3 bxc4 15. bxc4 a5 16. Re2 Qc7 17. Qd2 Nb4 18. Nce1 Bc6 19. a3 Na6 20. Nh2 Rfb8 21. h5 a4 22. h6 g6 23. Ng4 Rb3 24. Bg5 Bxg5 25. Qxg5 Bxg2 26. Nf6+ Kf8 27. Nxh7+ Ke8 28. Kxg2 Qd8 29. Qf4 Qe7 30. Nf3 Rxd3 31. Qe4 1-0


[Site "https://www.chess.com"]

[Event "Titled Tuesday Blitz October 18 Late 2022"]
[White "Yuan, Qingyu"]
[Black "Jobava, Baadur"]
[WhiteFideId "8609772"]
[BlackFideId "13601520"]
[WhiteElo "2359"]
[BlackElo "2582"]
[Result "0-1"]
[Round "10"]
[TimeControl "180+1"]
[Date "2022.10.18"]
[WhiteClock "0:00:01"]
[BlackClock "0:00:14"]

1. d4 Nf6 2. Bf4 d6 3. Nf3 Nbd7 4. h3 g6 5. Nbd2 Bg7 6. e3 O-O 7. Be2 Re8 8. O-O e5 9. dxe5 dxe5 10. Bh2 e4 11. Nd4 c6 12. Nc4 Rf8 13. a4 Nb6 14. Nd6 a5 15. c3 Qe7 16. Qb3 Nbd5 17. c4 Nb4 18. c5 Nfd5 19. Rfd1 Rd8 20. Rac1 h5 21. Bc4 h4 22. Rd2 Kh7 23. Rcd1 f5 24. Ne2 Be6 25. Nf4 Nxf4 26. Bxf4 Bxc4 27. Nxc4 Rxd2 28. Rxd2 Nd3 29. Bd6 Qf7 30. Qc2 Bf6 31. f4 Re8 32. b3 g5 33. fxg5 Bxg5 34. Rd1 Rg8 35. Rf1 Qd5 36. Qe2 Kh6 37. Nxa5 Nxc5 38. Bf4 Nd3 39. Bxg5+ Rxg5 40. Nc4 b5 41. axb5 cxb5 42. Nd2 Rg3 43. Kh1 Qc5 44. Qd1 Qxe3 45. Nb1 f4 46. Qc2 Qc5 47. Qd2 Qg5 48. Nc3 Qg6 49. Nd5 e3 50. Qe2 Nf2+ 51. Rxf2 exf2 52. Qxf2 Qe4 53. Nxf4 Kg5 54. Ne2 Rxh3+ 55. Kg1 Re3 56. Qf7 Rxe2 57. Qg7+ Qg6 58. Qd4 Qf6 59. Qd5+ Re5 60. Qd2+ Kg6 61. Qd3+ Rf5 62. Qe4 Qa1+ 63. Kh2 Qe5+ 64. Qxe5 Rxe5 65. Kh3 Re3+ 66. Kxh4 Rxb3 67. g4 Rb4 68. Kh3 Rc4 0-1


[Site "https://www.chess.com"]

[Event "Titled Tuesday Blitz October 18 Late 2022"]
[White "Zakaryan, David"]
[Black "Yurtseven, Melih"]
[WhiteFideId "24101923"]
[BlackFideId "6312160"]
[WhiteElo "2409"]
[BlackElo "2218"]
[Result "1-0"]
[Round "10"]
[TimeControl "180+1"]
[Date "2022.10.18"]
[WhiteClock "0:01:06"]
[BlackClock "0:00:08"]

1. e4 c5 2. Nf3 Nc6 3. d4 cxd4 4. Nxd4 g6 5. c4 Nf6 6. Nc3 Nxd4 7. Qxd4 d6 8. Be2 Bg7 9. Be3 O-O 10. Qd2 Ng4 11. Bxg4 Bxg4 12. O-O Rc8 13. b3 a6 14. Rac1 Re8 15. Nd5 Be6 16. Bb6 Qd7 17. Nb4 f5 18. exf5 Bxf5 19. a4 h5 20. Rcd1 h4 21. h3 Kh7 22. Nd5 Bh6 23. Be3 Bg7 24. Nb6 Qc6 25. Nxc8 Rxc8 26. Bg5 Re8 27. Rfe1 Qd7 28. Bxh4 Bxh3 29. gxh3 Qxh3 30. Qf4 e5 31. Qg3 Qe6 32. Bg5 Rf8 33. Kg2 Kg8 34. f3 Rf5 35. Bc1 Kf7 36. Qg4 b6 37. Qe4 Bf6 38. Qb7+ Be7 39. Qd5 Rh5 40. Qxe6+ Kxe6 41. Rh1 1-0


[Site "https://www.chess.com"]

[Event "Titled Tuesday Blitz October 18 Late 2022"]
[White "Zeynalli, Rashad"]
[Black "Forgacs, Attila Jr."]
[WhiteFideId "13403320"]
[BlackFideId "773654"]
[WhiteElo "2125"]
[BlackElo "2168"]
[Result "1-0"]
[Round "10"]
[TimeControl "180+1"]
[Date "2022.10.19"]
[WhiteClock "0:00:14"]
[BlackClock "0:00:22"]

1. d4 Nf6 2. Bf4 g6 3. e3 Bg7 4. Nf3 O-O 5. Be2 d5 6. O-O c5 7. c3 cxd4 8. exd4 Nc6 9. h3 Bf5 10. Re1 a6 11. Nbd2 b5 12. Nb3 Ne4 13. Nfd2 Rc8 14. Bf3 Nxd2 15. Qxd2 a5 16. Nc5 b4 17. g4 Be4 18. Nxe4 dxe4 19. Bxe4 bxc3 20. bxc3 f5 21. gxf5 gxf5 22. Bf3 e5 23. Bg5 Qd6 24. dxe5 Qxd2 25. Bxd2 Nxe5 26. Bd5+ Kh8 27. Bf4 Nd3 28. Bd6 Rfd8 29. Re6 Bxc3 30. Rd1 Nc5 31. Be5+ Bxe5 32. Rxe5 Rd6 33. Bf3 Rxd1+ 34. Bxd1 Nd3 35. Rd5 Nf4 36. Rxf5 Nxh3+ 37. Kh2 Rc3 38. Bg4 Ra3 39. Bxh3 Rxa2 40. Kg3 a4 41. Rf7 a3 42. Ra7 Ra1 43. Be6 h6 44. f4 Rg1+ 45. Kh4 Rh1+ 46. Kg4 h5+ 47. Kg5 Ra1 48. Kh6 h4 49. Rh7# 1-0


[Site "https://www.chess.com"]

[Event "Titled Tuesday Blitz October 18 Late 2022"]
[White "Zhigalko, Sergei"]
[Black "Deac, Bogdan-Daniel"]
[WhiteFideId "13502956"]
[BlackFideId "1226380"]
[WhiteElo "2662"]
[BlackElo "2648"]
[Result "1/2-1/2"]
[Round "10"]
[TimeControl "180+1"]
[Date "2022.10.18"]
[WhiteClock "0:00:02"]
[BlackClock "0:00:06"]

1. e4 c5 2. c3 d5 3. exd5 Qxd5 4. d4 Nf6 5. Nf3 e6 6. Na3 Qd8 7. Bf4 Nc6 8. Bg3 Ne4 9. Bf4 g5 10. Be5 f6 11. Bd3 fxe5 12. Bxe4 exd4 13. O-O Bg7 14. Qc2 g4 15. Nd2 Bd7 16. Nb5 O-O 17. Bxh7+ Kh8 18. Nd6 Be5 19. N6c4 Bc7 20. Be4 Rc8 21. a4 Qg5 22. g3 b6 23. Rae1 Rce8 24. f4 gxf3 25. Nxf3 Qg7 26. Nh4 Ne7 27. Qg2 Kg8 28. Qh3 Bc8 29. Ng2 dxc3 30. bxc3 Nf5 31. Nf4 Qxc3 32. Qg4+ Qg7 33. Qh5 Nxg3 34. hxg3 Bxf4 35. Rf3 Bg5 36. Ref1 Rxf3 37. Qxe8+ Rf8 38. Rxf8+ Qxf8 39. Qg6+ Qg7 40. Qe8+ Qf8 41. Qg6+ Qg7 42. Qe8+ Qf8 1/2-1/2


[Site "https://www.chess.com"]

[Event "Titled Tuesday Blitz October 18 Late 2022"]
[White "Zhurbinsky, David"]
[Black "Remolar Gallen, Jose"]
[WhiteFideId "2072904"]
[BlackFideId "2215187"]
[WhiteElo "2593"]
[BlackElo "2214"]
[Result "0-1"]
[Round "10"]
[TimeControl "180+1"]
[Date "2022.10.19"]
[WhiteClock "0:00:11"]
[BlackClock "0:00:19"]

1. e4 c5 2. Nf3 d6 3. d4 cxd4 4. Nxd4 Nf6 5. f3 a6 6. c4 e6 7. Nc3 Be7 8. Be3 O-O 9. Be2 Nc6 10. O-O Bd7 11. Rc1 Nxd4 12. Bxd4 Qa5 13. Kh1 Rfc8 14. f4 e5 15. Be3 Be6 16. b3 b5 17. f5 Bd7 18. Nd5 Nxd5 19. exd5 bxc4 20. Bxc4 Qxa2 21. Ra1 Qb2 22. Rxa6 Rxa6 23. Bxa6 Rb8 24. Bc4 Bb5 25. Qg4 Bxc4 26. bxc4 Bf6 27. h4 Qc3 28. Bg5 Bxg5 29. hxg5 Rb4 30. g6 Qxc4 31. Ra1 hxg6 32. fxg6 fxg6 33. Ra8+ Kh7 34. Qc8 Qh4+ 35. Qh3 Qxh3+ 36. gxh3 Rd4 37. Ra6 g5 38. Kg2 Rxd5 39. Kf3 Rd4 40. Ke3 Kg6 41. Rb6 Kf5 42. Kf3 Rd3+ 43. Ke2 e4 44. Rxd6 Rxd6 45. Ke3 Rd3+ 46. Ke2 Rxh3 47. Kf2 Rf3+ 48. Kg2 g4 49. Kh2 g5 50. Kg2 Kf4 51. Kh2 e3 52. Kg2 e2 53. Kh2 e1=Q 54. Kg2 Qe2+ 55. Kg1 Rf1# 0-1


[Site "https://www.chess.com"]

[Event "Titled Tuesday Blitz October 18 Late 2022"]
[White "Zierk, Steven"]
[Black "Melikyan, Gnel"]
[WhiteFideId "2034255"]
[BlackFideId "54109990"]
[WhiteElo "2494"]
[BlackElo "2138"]
[Result "1/2-1/2"]
[Round "10"]
[TimeControl "180+1"]
[Date "2022.10.18"]
[WhiteClock "0:00:10"]
[BlackClock "0:00:11"]

1. e4 e5 2. Nf3 Nc6 3. Bc4 Bc5 4. c3 Nf6 5. d4 exd4 6. e5 d5 7. Bb5 Ne4 8. cxd4 Bb4+ 9. Bd2 Nxd2 10. Nbxd2 Bd7 11. Bxc6 Bxc6 12. O-O O-O 13. Rc1 Be7 14. Nb3 Bd7 15. Nc5 Bc8 16. Qd3 a5 17. Rfe1 b6 18. Na4 Bd7 19. Nc3 Be6 20. Ne2 c5 21. dxc5 bxc5 22. Nf4 d4 23. Nxe6 fxe6 24. Rc4 Qd5 25. a4 Rab8 26. b3 Rf4 27. Nd2 Rf5 28. Qe4 Qxe4 29. Rxe4 Bg5 30. Nf1 Rxb3 31. Rxc5 Rb2 32. Rc8+ Kf7 33. f3 d3 34. Rc7+ Kg6 35. Rd7 d2 36. Rg4 h5 37. Rg3 Kh6 38. h4 Bxh4 39. Rgxg7 Rxe5 40. Rh7+ Kg5 41. Nxd2 Kf4 42. Rhf7+ Rf5 43. Rd4+ Ke3 44. Rxf5 exf5 45. Rxh4 Rxd2 46. Rxh5 Kf4 47. Kh2 Ra2 48. Kh3 Rb2 49. Rh4+ Ke3 50. Rc4 Rb4 51. Rc5 Rxa4 52. Rxf5 Ra1 53. Kg4 a4 54. Ra5 a3 55. f4 a2 56. f5 Ke4 57. Kg5 Rf1 58. Rxa2 Rxf5+ 59. Kg4 Rf8 60. Re2+ Kd5 61. Re7 Kd6 62. Rg7 Ke6 63. Kh5 Kf6 64. Rg6+ Kf7 65. g4 Rh8+ 66. Rh6 Rb8 67. Rh7+ Kg8 68. Rc7 Rb5+ 69. g5 Rb1 70. Kh6 Rb6+ 71. g6 Rb8 72. Re7 Rc8 73. Rg7+ Kh8 74. Rd7 Kg8 75. Kg5 Rc5+ 76. Kf6 Rc6+ 77. Kf5 Rc5+ 78. Kg4 Kf8 79. Rf7+ Kg8 80. Re7 Rb5 81. Rf7 Rc5 82. Rf5 Rxf5 83. Kxf5 Kg7 84. Kg5 Kg8 85. Kf6 Kf8 86. g7+ Kg8 87. Kg6 1/2-1/2


[Site "https://www.chess.com"]

[Event "Titled Tuesday Blitz October 18 Late 2022"]
[White "miragha_yev"]
[Black "Kanakaris, Georgios"]
[BlackFideId "4209460"]
[WhiteElo "2772"]
[BlackElo "2291"]
[Result "0-1"]
[Round "10"]
[TimeControl "180+1"]
[Date "2022.10.18"]
[WhiteClock "0:01:32"]
[BlackClock "0:01:20"]

1. d4 Nf6 2. c4 g6 3. e3 Bg7 4. Nf3 O-O 5. Be2 c5 6. O-O cxd4 7. Nxd4 d5 8. Nc3 dxc4 9. Bxc4 a6 10. Be2 e5 11. Nf3 Qe7 12. Bd2 Nc6 13. Qa4 Rd8 14. Rfd1 e4 15. Ng5 Bf5 16. Be1 h6 17. Nh3 Bxh3 18. gxh3 Qe6 19. Kg2 Qf5 20. Rxd8+ Rxd8 21. Rd1 Re8 22. Rd6 Qg5+ 23. Kh1 Qh4 24. Kg2 Re5 25. f4 exf3+ 26. Bxf3 Qxe1 27. Bxc6 Rg5+ 0-1


[Site "https://www.chess.com"]

[Event "Titled Tuesday Blitz October 18 Late 2022"]
[White "Abdyzhapar, Asylbek"]
[Black "Amburgy, Ryan"]
[WhiteFideId "13800337"]
[BlackFideId "30924820"]
[WhiteElo "2323"]
[BlackElo "2121"]
[Result "1-0"]
[Round "11"]
[TimeControl "180+1"]
[Date "2022.10.18"]
[WhiteClock "0:01:05"]
[BlackClock "0:00:04"]

1. c4 e5 2. g3 Nf6 3. Bg2 d5 4. cxd5 Nxd5 5. Nf3 Nc6 6. O-O Nb6 7. d3 Be7 8. a3 a5 9. Nc3 O-O 10. Be3 a4 11. Rc1 Be6 12. Ne4 Bb3 13. Qd2 Nd5 14. Bc5 b6 15. Bxe7 Ndxe7 16. Rc3 Ra7 17. Rfc1 Nd4 18. Nxe5 Nd5 19. Nc6 Nxc6 20. Rxc6 Ne7 21. R6c3 Nd5 22. Rxb3 axb3 23. Qd1 Nf6 24. Qxb3 Nxe4 25. Bxe4 h6 26. Rc6 Qg5 27. Qc4 Qe5 28. Qc2 Kh8 29. e3 Re8 30. Bf3 Qf5 31. Kg2 Qb5 32. d4 Re7 33. h4 g6 34. h5 Qf5 35. Qxf5 gxf5 36. Rxh6+ Kg7 37. Rc6 Re6 38. Rc3 Kf6 39. d5 Rd6 40. Rc4 Kg5 41. g4 fxg4 42. Rxg4+ Kh6 43. Rf4 f6 44. Rc4 Kg5 45. Rc1 f5 46. Kg3 Rf6 47. Rc4 Rd6 48. a4 Rf6 49. Be2 Rd6 50. f4+ Kh6 51. Bf3 Rf6 52. b3 Rd6 53. Kh4 Rf6 54. Rc1 Rd6 55. Rg1 Ra8 56. Rg5 Rf8 57. Kg3 Rdf6 58. Kf2 b5 59. a5 b4 60. Be2 Rd8 61. Bc4 Ra8 62. a6 Ra7 63. Kg3 Ra8 64. Kh4 Ra7 65. Rg8 c6 66. dxc6 Rxc6 67. Rf8 Raxa6 68. Bxa6 Rxa6 69. Rxf5 Ra3 70. Rf6+ Kg7 71. Rb6 Rxb3 72. e4 Rb1 73. h6+ Kh7 74. Kg5 b3 75. e5 b2 76. Kf5 Kg8 77. Rb7 Kh8 78. Ke6 Rf1 79. Rxb2 Rxf4 80. Rd2 Kg8 81. Kd7 Rf7+ 82. Kd6 Ra7 83. e6 Kf8 84. Rf2+ Ke8 85. Rc2 Kd8 86. e7+ 1-0


[Site "https://www.chess.com"]

[Event "Titled Tuesday Blitz October 18 Late 2022"]
[White "Adewumi, Tanitoluwa"]
[Black "Jaferian, Koosha"]
[WhiteFideId "30966396"]
[BlackFideId "12507440"]
[WhiteElo "2539"]
[BlackElo "2127"]
[Result "0-1"]
[Round "11"]
[TimeControl "180+1"]
[Date "2022.10.18"]
[WhiteClock "0:01:03"]
[BlackClock "0:01:02"]

1. e4 c6 2. d4 d5 3. exd5 cxd5 4. Bd3 Nc6 5. c3 Qc7 6. Ne2 Bg4 7. O-O e6 8. Qe1 Nf6 9. Bg5 Bh5 10. f4 Bxe2 11. Qxe2 Bd6 12. g3 Qb6 13. b3 h6 14. Bh4 Nxd4 15. cxd4 Qxd4+ 16. Kg2 Qxa1 17. f5 e5 18. Bxf6 gxf6 19. Nd2 Qxa2 20. Bb5+ Ke7 21. Qd3 Bb4 22. Rf2 Rhd8 23. Re2 Bxd2 24. Rxd2 Qa5 0-1


[Site "https://www.chess.com"]

[Event "Titled Tuesday Blitz October 18 Late 2022"]
[White "Al-Tarboush, Ward"]
[Black "Yeletsky, Ivan"]
[WhiteFideId "7601450"]
[BlackFideId "24180327"]
[WhiteElo "2269"]
[BlackElo "2391"]
[Result "1/2-1/2"]
[Round "11"]
[TimeControl "180+1"]
[Date "2022.10.18"]
[WhiteClock "0:00:40"]
[BlackClock "0:00:16"]

1. e4 c5 2. Nf3 d6 3. d4 cxd4 4. Nxd4 Nf6 5. Nc3 a6 6. h3 e5 7. Nde2 h5 8. Bg5 Be6 9. g3 Nbd7 10. a4 Be7 11. Bg2 O-O 12. O-O Rc8 13. b3 Nh7 14. Bxe7 Qxe7 15. f4 Ndf6 16. Qd3 Rfd8 17. Rad1 Qc7 18. f5 Qb6+ 19. Kh2 Bd7 20. Qxd6 Qxd6 21. Rxd6 Bc6 22. Rfd1 Rxd6 23. Rxd6 Ng5 24. Nd5 Bxd5 25. exd5 Rxc2 26. Rd8+ Kh7 27. Ng1 e4 28. h4 Ng4+ 29. Kh1 Nf3 30. Nxf3 exf3 31. Bxf3 Rc1+ 32. Kg2 Rc2+ 33. Kg1 Rc1+ 34. Kg2 Rc2+ 35. Kh1 Nf2+ 36. Kg1 Nh3+ 37. Kh1 Nf2+ 38. Kg1 Nh3+ 39. Kh1 Nf2+ 1/2-1/2


[Site "https://www.chess.com"]